 Dungeon Crawl Stone Soup version 0.31.0-11-ge490571c62 (webtiles) character file.

Game seed: 14207605579349149698

59 qw the Shooter (level 3, 0/20 HPs)
             Began as a Deep Elf Hunter on Feb 4, 2024.
             Slain by an orc
             ... wielding a +0 trident
              (1 damage)
             ... on level 3 of the Dungeon.
             The game lasted 00:00:05 (1451 turns).

qw the Shooter (Deep Elf Hunter)                    Turns: 1451, Time: 00:00:05

Health: 0/20       AC:  5    Str: 10    XL:     3   Next: 78%
Magic:  5/5        EV: 11    Int: 13    God:
Gold:   62         SH:  0    Dex: 18    Spells: 2/2 levels left

rFire   . . .        a - +2 shortbow
rCold   . . .        (shield currently unavailable)
rNeg    . . .        i - +0 ring mail
rPois   +            (no helmet)
rElec   .            (no cloak)
rCorr   .            (no gloves)
SInv    .            (no boots)
Will    .....        (no amulet)
Stlth   +            j - ring of poison resistance
HPRegen 0.23/turn    (no ring)
MPRegen 0.09/turn

%: no passive effects
@: no status effects
A: no striking features
a: no special abilities


You were on level 3 of the Dungeon.
You visited 1 branch of the dungeon, and saw 3 of its levels.

You collected 90 gold pieces.
You spent 28 gold pieces at shops.


   Skills:
 - Level 1.5 Fighting
 + Level 7.3 Ranged Weapons
 - Level 2.4 Dodging
 - Level 1.2 Stealth


You had 2 spell levels left.
You didn't know any spells.
Your spell library was empty.

Inventory:

Hand Weapons
 a - a +2 shortbow (weapon)
Armour
 i - a +0 ring mail (worn)
Jewellery
 j - a ring of poison resistance (left hand)
Potions
 b - a potion of curing
 d - a potion of mutation
 e - a potion of enlightenment
 f - a potion of heal wounds
 g - a potion of berserk rage {unknown}

Dungeon Overview and Level Annotations

Branches:
Dungeon (3/15)

Altars:

Shops:
D:2 ?


Message History

A giant cockroach comes into view.
An endoplasm comes into view.
An orc comes into view. It is wielding a +0 trident.
1441 ||| RETREEEEATING.
You shoot an arrow. The arrow hits the orc.
The orc is severely wounded.
You shoot an arrow. The arrow hits the orc!
You kill the orc!
The orc hits you from afar with a +0 trident.
You shoot an arrow. The arrow hits the orc.
You kill the orc!
You shoot an arrow. The arrow hits the orc!
You kill the orc!
You shoot an arrow. The arrow hits the hobgoblin.
The hobgoblin is moderately wounded.
You shoot an arrow. The arrow closely misses the hobgoblin.
The hobgoblin closely misses you. The hobgoblin barely misses you.
You shoot an arrow. The endoplasm quivers.
The arrow hits the hobgoblin.
The hobgoblin is heavily wounded.
The hobgoblin closely misses you.
You shoot an arrow. The arrow hits the hobgoblin.
The hobgoblin is almost dead.
The orc closely misses you.
The hobgoblin hits you but does no damage.
You shoot an arrow. The arrow hits the hobgoblin.
You kill the hobgoblin!
A bat comes into view.
The orc barely misses you.
The orc priest looks satisfied for a moment.
The giant cockroach misses you.
The bat moves out of view.
You shoot an arrow. The arrow hits the giant cockroach!
You kill the giant cockroach!
You hear a shout!
The orc priest mumbles some strange prayers to Beogh against you.
Beogh smites you!
Ouch! That really hurt!
An orc comes into view. It is wielding a +0 club.
The orc hits you from afar with a +0 trident.
You die...

#.........#
#.........#
#######.........#
#......<........#
#.######........###
#.............
#.#####o...#
#.....oo...#
#.###@#)...... #.#
#.#o...... #.#
#.#..o.... ...
.J#..)goJ. ###
#.#......#
#..###..B# (.. #..o
.#.


You could see an orc priest, 2 orcs and an endoplasm.

Vanquished Creatures
  5 orcs (D:3)
  3 bats
  5 endoplasms
  4 giant cockroaches
  2 goblins (D:1)
  4 hobgoblins
  3 jackals (D:1)
  6 kobolds (D:1)
  5 quokkas
  4 ball pythons
  3 frilled lizards
  3 rats
47 creatures vanquished.

Notes
Turn   | Place    | Note
-------+----------+-------------------------------------------
     0 | D:1      | qw the Deep Elf Hunter began the quest for the Orb.
     0 | D:1      | Reached XP level 1. HP: 12/12 MP: 3/3
     0 | D:1      | 0 ||| qw: Version: 0.3-a-160-g6735b56
     0 | D:1      | 0 ||| qw: Game counter: 4851
     0 | D:1      | 0 ||| qw: Melee chars always use a shield: true
     0 | D:1      | 0 ||| qw: God list: Okawaru
     0 | D:1      | 0 ||| qw: Allow faded altars: false
     0 | D:1      | 0 ||| qw: Do Orc after clearing Dungeon:15 true
     0 | D:1      | 0 ||| qw: Do second Lair branch before Depths: true
     0 | D:1      | 0 ||| qw: Lair rune preference: random
     0 | D:1      | 0 ||| qw: Goals: Normal
     0 | D:1      | 0 ||| PLANNING D:1-11
    66 | D:1      | You fall into a shaft and drop 1 floor!
   104 | D:2      | 104 ||| DROPPING scroll of butterflies.
   112 | D:1      | Reached XP level 2. HP: 16/16 MP: 4/4
   115 | D:1      | Reached skill level 6 in Ranged Weapons
   420 | D:1      | Reached XP level 3. HP: 20/20 MP: 5/5
   833 | D:1      | 833 ||| UPGRADING to +0 ring mail.
   843 | D:1      | 843 ||| DROPPING +0 leather armour.
   844 | D:1      | 844 ||| READING scroll labelled ITSEFR YNTE.
   945 | D:1      | 945 ||| READING 2 scrolls labelled FULYUB CAESE.
   945 | D:1      | 945 ||| ENCHANTING +0 shortbow.
   946 | D:1      | 946 ||| READING scroll of enchant weapon.
   946 | D:1      | 946 ||| ENCHANTING +1 shortbow.
   947 | D:1      | 947 ||| READING 2 scrolls labelled ONYKHEUCSO.
   947 | D:1      | 947 ||| IDENTIFYING fizzy white potion
   948 | D:1      | 948 ||| READING scroll of identify.
   948 | D:1      | 948 ||| IDENTIFYING murky blue potion
   949 | D:1      | 949 ||| READING 2 scrolls labelled ENTEARPHANUWN.
   950 | D:1      | 950 ||| DROPPING scroll of noise.
  1026 | D:2      | Found Zotewaku's Magic Scroll Shop.
  1033 | D:2      | 1033 ||| SHOPLISTING 2 scrolls of identify (56 gold, have
                  | 48).
  1033 | D:2      | 1033 ||| SHOPLISTING scroll of enchant weapon (105 gold,
                  | have 48).
  1033 | D:2      | 1033 ||| BUYING scroll of identify (28 gold).
  1033 | D:2      | Bought a scroll of identify for 28 gold pieces
  1033 | D:2      | 1033 ||| SHOPLISTING scroll of identify (28 gold, have 20).
  1033 | D:2      | 1033 ||| SHOPLISTING scroll of teleportation (42 gold, have
                  | 20).
  1106 | D:2      | Reached skill level 7 in Ranged Weapons
  1412 | D:2      | 1412 ||| UPGRADING to ring of poison resistance.
  1413 | D:2      | 1413 ||| READING 2 scrolls of identify.
  1413 | D:2      | 1413 ||| IDENTIFYING yellow potion
  1414 | D:2      | 1414 ||| READING scroll of identify.
  1414 | D:2      | 1414 ||| IDENTIFYING orange potion
  1415 | D:2      | 1415 ||| DRINKING 2 bubbling dark potions.
  1416 | D:2      | 1416 ||| DROPPING potion of magic.
  1441 | D:3      | 1441 ||| RETREEEEATING.
  1451 | D:3      | HP: 1/20 [orc priest/divine providence (12)]
  1451 | D:3      | Slain by an orc

Levels and vault maps discovered:
D:1:      minmay_arrival_solitary_statue, layout_loops_corners
D:2:      layout_basic, serial_shops, shop
D:3:      layout_rooms, mainiacjoe_overflow_alcove_2, tgw_kikubaaqudgha,
          chequers_serial_rivers_small_b, minmay_misc_feat_encased, uniq_robin

Skill      XL: |  1  2  3 |
---------------+----------+-----
Ranged Weapons | 6 7 |  7.3
Fighting       | |  1.5
Dodging        | |  2.4
Stealth        | |  1.2

Action                     || total
---------------------------++-------
   Fire: Shortbow          ||   106
    Use: Scroll            ||     8
         Potion            ||     1
 Armour: Leather armour    ||     8
         Ring mail         ||     7
  Dodge: Dodged            ||    20

Table legend:
 A = Non-vault XP
 B = Vault XP
 C = Vault XP percentage of total XP
 D = Non-vault monster count
 E = Vault monster count
 F = Vault count percentage of total count
                 A         B        C        D         E       F
            +---------+---------+-------+---------+---------+-------
      Total |      87 |       0 |   0.0 |      47 |       0 |   0.0
            +---------+---------+-------+---------+---------+-------
        D:1 |      52 |       0 |   0.0 |      30 |       0 |   0.0
        D:2 |      16 |       0 |   0.0 |      10 |       0 |   0.0
        D:3 |      19 |       0 |   0.0 |       7 |       0 |   0.0
            +---------+---------+-------+---------+---------+-------
